 Dungeon Crawl Stone Soup version 0.30-a0-310-g7d6cbdfea6 (webtiles) character file.

Game seed: 3343333355604744327

10717 freelancePsychic the Fighter (level 11, -13/72 HPs)
             Began as a Tengu Wanderer on Oct 25, 2022.
             Was a Priest of Kikubaaqudgha.
             Mangled by a hell knight
             ... wielding a +5 battleaxe of flaming
              (24 damage)
             ... on level 11 of the Dungeon.
             The game lasted 00:29:14 (13849 turns).

freelancePsychic the Fighter (Tengu Wanderer)      Turns: 13849, Time: 00:29:15

Health: -13/72     AC: 10    Str: 15    XL:     11   Next: 66%
Magic:  25/25      EV: 15    Int: 14    God:    Kikubaaqudgha [***...]
Gold:   82         SH:  0    Dex: 14    Spells: 1/16 levels left

rFire   + . .      SeeInvis .    C - +8 double sword of the Enchanting Madman {speed, MP+9}
rCold   . . .      Faith    .    (no shield)
rNeg    . . .      Spirit   .    v - +0 acid dragon scales
rPois   .          Reflect  .    (helmet restricted)
rElec   .          Harm     .    u - +2 cloak
rCorr   +          Rampage  .    o - +0 pair of gloves
Will    .....                    (boots unavailable)
Stlth   +.........               (no amulet)
HPRegen 0.32/turn                c - ring of protection from fire
MPRegen 0.19/turn                H - +4 ring of slaying

@: flying quickly and evasively, quick
A: beak, talons 3, nimble flight
a: Renounce Religion, Unearth Wretches


You were on level 11 of the Dungeon.
You worshipped Kikubaaqudgha.
Kikubaaqudgha was most pleased with you.
You visited 3 branches of the dungeon, and saw 13 of its levels.
You also visited: Sewer.

You collected 537 gold pieces.
You spent 455 gold pieces at shops.

Inventory:

Hand Weapons
 b - a +1 spear of pain
 A - a +2 morningstar of pain
 C - the +8 double sword of the Enchanting Madman (weapon) {speed, MP+9}
   (You bought it in a shop on level 6 of the Dungeon)

   Attacks with this weapon are significantly faster.
   MP:        It affects your magic capacity (+9).
Missiles
 G - a throwing net
Armour
 o - a +0 pair of gloves (worn)
 q - a +2 scale mail of poison resistance
 u - a +2 cloak (worn)
 v - +0 acid dragon scales (worn)
 x - a +0 buckler
Jewellery
 c - a ring of protection from fire (left hand)
 e - an amulet of faith
 H - a +4 ring of slaying (right hand)
 N - a ring of resist corrosion
Wands
 E - a wand of mindburst (10)
 I - a wand of digging (6)
 K - a wand of paralysis (10)
 L - a wand of iceblast (2)
 O - a wand of flame (14)
Scrolls
 a - a scroll of brand weapon
 i - 4 scrolls of butterflies
 l - a scroll of teleportation {@r4}
 m - a scroll of noise
 n - 2 scrolls of vulnerability
 s - a scroll of enchant armour
 w - a scroll of enchant weapon
 y - 7 scrolls of blinking
 z - a scroll of immolation
 F - 3 scrolls of amnesia
Potions
 d - 2 potions of might
 f - 6 potions of curing {@q1}
 g - a potion of lignification
 h - a potion of berserk rage
 j - a potion of ambrosia
 k - 4 potions of heal wounds {@q2}
 p - 2 potions of resistance
 r - a potion of haste {@q3}
 t - 2 potions of brilliance
 B - a potion of magic {unknown}
 J - a potion of cancellation
 M - 2 potions of attraction


   Skills:
 - Level 10.0 Fighting
 - Level 2.5(6.3) Short Blades
 + Level 9.1(9.2) Long Blades
 - Level 0.8 Maces & Flails
 - Level 4.6 Polearms
 + Level 4.9 Dodging
 - Level 3.0 Spellcasting
 - Level 8.3 Summonings
 * Level 9.7 Necromancy
 - Level 1.0 Evocations


You had one spell level left.
You knew the following spells:

 Your Spells              Type           Power      Damage    Failure   Level
a - Summon Small Mammal   Summ           100%       N/A       1%          1
b - Call Canine Familiar  Summ           25%        N/A       3%          3
c - Vampiric Draining     Necr           29%        2d8       1%          3
d - Sublimation of Blood  Necr           29%        N/A       1%          2
e - Death Channel         Necr           14%        N/A       65%         6

Your spell library contained the following spells:

 Spells                   Type           Power      Damage    Failure   Level
 Necrotise                Necr           100%       1d9       1%          1
 Kiss of Death            Conj/Necr      60%        2d10      4%          1
 Dispel Undead            Necr           29%        3d13      5%          4
 Cigotuvi's Dreadful Rot  Necr/Pois/Air  22%        N/A       12%         2
 Agony                    Necr           29%        N/A       16%         5
 Anguish                  Hex/Necr       7%         N/A       38%         4
 Blink                    Tloc           4%         N/A       41%         2
 Momentum Strike          Conj/Tloc      4%         3d8       41%         2
 Summon Ice Beast         Ice/Summ       13%        N/A       50%         4
 Frozen Ramparts          Ice            4%         1d1       65%         3
 Gell's Gravitas          Tloc           2%         N/A       65%         3
 Inner Flame              Hex/Fire       2%         N/A       65%         3
 Lesser Beckoning         Tloc           4%         N/A       65%         3
 Teleport Other           Tloc           2%         N/A       65%         3
 Borgnjor's Vile Clutch   Necr/Erth      7%         N/A       75%         5
 Flame Wave               Conj/Fire      2%         2d4       96%         4
 Ice Form                 Ice/Tmut       2%         N/A       96%         4
 Sticky Flame             Conj/Fire      2%         2d3       96%         4
 Simulacrum               Ice/Necr       7%         N/A       99%         6
 Dispersal                Tloc           1%         N/A       100%        6


Dungeon Overview and Level Annotations

Branches:
Dungeon (11/15)            Temple (1/1) D:4            Lair (1/5) D:8
    Orc (0/2) D:9           Sewer (visited)

Altars:
Ashenzari
Cheibriados
Dithmenos
Elyvilon
Fedhas
Gozag
Hepliaklqana
Kikubaaqudgha
Makhleb
Nemelex Xobeh
Okawaru
Qazlal
Ru
Sif Muna
Trog
Uskayaw
Vehumet
Wu Jian
Xom
Yredelemnul
Zin
The Shining One

Shops:
D:6 (:*(=   D:8 (   D:9 [   D:11 !

Annotations:
Lair:1 Urug


Innate Abilities, Weirdness & Mutations

You have a beak for a mouth.
You have claws for feet.
Your magical nature lets you fly swiftly and evasively.


Message History

The hell knight seems to speed up.
You slash the hell knight!
You peck the hell knight, but do no damage.
The hell knight is heavily wounded.
The hell hound completely misses you.
The hell knight hits you with a +5 battleaxe of flaming!!
The hell knight burns you.
* * * LOW HITPOINT WARNING * * *
The hell knight hits you with a +0 great mace of flaming!
* * * LOW HITPOINT WARNING * * *
The hell knight burns you.
* * * LOW HITPOINT WARNING * * *
The hell knight calls down the wrath of its god upon you.
The bolt of fire hits the hell knight.
The hell knight completely resists.
The bolt of fire hits the hell knight.
The hell knight completely resists.
The bolt of fire misses you.
The hell knight mumbles some strange prayers to its god.
The hell knight seems to speed up.
You are too injured to fight recklessly!
You are too injured to fight recklessly!
You are too injured to fight recklessly!
You are too injured to fight recklessly!
You are too injured to fight recklessly!
You are too injured to fight recklessly!
You are too injured to fight recklessly!
You are too injured to fight recklessly!
You are too injured to fight recklessly!
You are too injured to fight recklessly!
You are too injured to fight recklessly!
You are too injured to fight recklessly!
You are too injured to fight recklessly!
You are too injured to fight recklessly!
You are too injured to fight recklessly!
You are too injured to fight recklessly!
You are too injured to fight recklessly!
You are too injured to fight recklessly!
The hell knight attacks as you move away!
The hell knight hits you with a +5 battleaxe of flaming!!
You die...
Kikubaaqudgha rasps: "You have failed me!
Welcome... death!"

#.# ##.#####)##))...#
#.####........)...#..#
#.##.......!....[....#
##.##.####≈§≈≈≈####...#
#...#.#...........#...#
#.....#.#########.#...#
#.......#.#hpp #...#
#.......#.#p# #...#
#.......#.@h# #...#
###...#.#†≈p# #.###
#...#.#.≈.# #.#
###.#.#.#.# #.#####
#.#.#.#.. #......
#p#### #...### #..
#..## ## #########..#
..........##


You could see 5 hell knights and 2 hell hounds.

Vanquished Creatures
  A two-headed ogre (D:9)
  Nergalle (D:10)
  A cyclops (D:11)
  Maggie (Lair:1)
  3 kobold demonologists
  An unseen horror (D:9)
  A rime drake (D:8)
  A polar bear (D:8)
  2 hornets
  9 yaks
  2 wyverns (D:9)
  Menkaure (D:6)
  An acid dragon (D:8)
  2 water moccasins (D:7)
  5 hell hounds (D:11)
  3 orc warriors
  2 black bears
  4 ice beasts
  3 centaurs
  4 wolves (D:8)
  A phantom (D:7)
  3 kobold brigands
  3 gnoll sergeants (D:9)
  4 bullfrogs
  3 necrophages
  4 scorpions
  5 wights
  7 killer bees
  4 hounds
  2 jellies
  3 gnoll boudas
  3 orc priests
  An iguana (D:10)
  8 orc wizards
  Robin (D:3)
  23 gnolls
  10 adders
  A river rat (D:3)
  A shadow imp (D:7)
  4 white imps
  An ufetubus (D:6)
  7 worms
  3 dart slugs
  32 orcs
  13 ball pythons
  10 endoplasms
  17 giant cockroaches
  16 goblins
  6 hobgoblins
  3 jackals (D:4)
  13 kobolds
  12 quokkas
  3 bats
  13 frilled lizards
  6 rats
294 creatures vanquished.

Vanquished Creatures (collateral kills)
  A howler monkey (D:4)
  A hound (D:4)
  An iguana (D:5)
  2 orc wizards (D:4)
  4 gnolls
  A worm (D:2)
  2 dart slugs
  3 orcs
  2 endoplasms
  A giant cockroach (Sewer)
  6 goblins
  A hobgoblin (D:3)
  A quokka (D:4)
  2 ball pythons
  A frilled lizard (Sewer)
  A rat (D:2)
30 creatures vanquished.

Vanquished Creatures (others)
  A fungus (Lair:1)
  A plant (Lair:1)
2 creatures vanquished.

Grand Total: 326 creatures vanquished

Notes
Turn   | Place    | Note
-------+----------+-------------------------------------------
     0 | D:1      | freelancePsychic the Tengu Wanderer began the quest for the
                  | Orb.
     0 | D:1      | freelancePsychic set off with the following items: a +3
                  | spear, a scroll of blinking, a +0 leather armour; and the
                  | following spell memorised: Summon Small Mammal; and the
                  | following spells available to memorise: Call Canine
                  | Familiar.
     0 | D:1      | Reached XP level 1. HP: 14/14 MP: 4/4
   226 | D:1      | Reached XP level 2. HP: 16/19 MP: 6/6
   930 | D:2      | Reached XP level 3. HP: 22/23 MP: 4/7
  1032 | D:1      | Learned a level 3 spell: Call Canine Familiar
  1239 | D:2      | You fall into a shaft and drop 1 floor!
  1305 | D:3      | Reached XP level 4. HP: 25/28 MP: 4/9
  1498 | D:3      | Found a glowing drain.
  1508 | Sewer    | Entered a sewer
  1708 | Sewer    | Gained mutation: Your magical nature lets you fly swiftly
                  | and evasively. [Tengu growth]
  1708 | Sewer    | Reached XP level 5. HP: 30/32 MP: 10/10
  1731 | Sewer    | Reached skill level 5 in Summonings
  1959 | Sewer    | Identified the +8 short sword of the Mouth {speed, rN++}
  1966 | Sewer    | Reached XP level 6. HP: 33/37 MP: 11/11
  2114 | D:3      | Found a shimmering altar of Xom.
  2283 | D:3      | Noticed Robin
  2317 | D:3      | Killed Robin
  2858 | D:2      | Reached skill level 1 in Dodging
  3953 | D:4      | Reached XP level 7. HP: 36/41 MP: 7/12
  4347 | D:4      | Reached skill level 4 in Fighting
  4471 | D:4      | Found a staircase to the Ecumenical Temple.
  4483 | D:4      | Found a sacrificial altar of Ru.
  4488 | Temple   | Entered the Ecumenical Temple
  4706 | D:4      | Reached skill level 1 in Short Blades
  4781 | D:4      | Became a worshipper of Ru the Awakened
  5418 | D:5      | Entered Level 5 of the Dungeon
  5462 | D:5      | Reached XP level 8. HP: 25/48 MP: 7/13
  5888 | Temple   | Fell from the grace of Ru
  5888 | Temple   | Became a worshipper of Kikubaaqudgha
  6594 | D:6      | Reached skill level 5 in Fighting
  6601 | D:6      | Noticed Menkaure
  6611 | D:6      | Killed Menkaure
  6612 | D:6      | Reached skill level 1 in Necromancy
  6628 | D:6      | Found an opulent altar of Gozag.
  6631 | D:6      | Found Gozag's Platinum Reserve.
  6679 | D:6      | Found Votal's Jewellery Shoppe.
  6846 | D:6      | Found Hedgh's Weapon Shop.
  7434 | D:6      | Found Emowot's Book Boutique.
  7470 | D:6      | Found Jeyv's Antique Weapon Shoppe.
  7593 | D:6      | Found a hazy altar of Hepliaklqana.
  7902 | D:7      | Reached skill level 6 in Fighting
  7902 | D:7      | Reached XP level 9. HP: 46/55 MP: 14/14
  8091 | D:6      | Bought a sapphire double sword for 400 gold pieces
  8091 | D:6      | Identified the +8 double sword of the Enchanting Madman
                  | {speed, MP+9} (You bought it in a shop on level 6 of the
                  | Dungeon)
  8331 | D:7      | Found a basalt altar of Yredelemnul.
  8406 | D:7      | Reached skill level 1 in Long Blades
  8510 | D:7      | Reached * piety under Kikubaaqudgha
  8510 | D:7      | Received a gift from Kikubaaqudgha
  8514 | D:7      | Learned a level 2 spell: Sublimation of Blood
  8518 | D:7      | Learned a level 3 spell: Vampiric Draining
  9080 | D:8      | Reached skill level 5 in Necromancy
  9145 | D:8      | Reached skill level 7 in Fighting
  9258 | D:8      | Noticed a hornet
  9265 | D:8      | Killed a hornet
  9309 | D:8      | Noticed a polar bear
  9318 | D:8      | Killed a polar bear
  9326 | D:8      | Noticed a rime drake
  9466 | D:8      | Reached XP level 10. HP: 47/64 MP: 10/15
  9547 | D:8      | Found a staircase to the Lair.
  9573 | D:8      | Reached skill level 8 in Fighting
  9581 | D:8      | Reached skill level 5 in Long Blades
  9802 | D:7      | Reached ** piety under Kikubaaqudgha
  9916 | D:8      | Found a burning altar of Makhleb.
 10025 | D:8      | Found Saimn's Antique Weapon Emporium.
 10354 | D:9      | Noticed a two-headed ogre
 10552 | D:9      | Killed a two-headed ogre
 10659 | D:9      | Reached skill level 9 in Fighting
 11008 | D:9      | Found Atuituc's Armour Boutique.
 11359 | D:9      | Found a staircase to the Orcish Mines.
 11611 | D:9      | Reached XP level 11. HP: 67/72 MP: 12/16
 11684 | D:9      | Found a stormy altar of Qazlal.
 11685 | D:9      | Found a snail-covered altar of Cheibriados.
 11870 | D:9      | Reached skill level 10 in Fighting
 11964 | D:9      | Found a glowing silver altar of Zin.
 12135 | D:9      | Reached *** piety under Kikubaaqudgha
 12135 | D:9      | Received a gift from Kikubaaqudgha
 12266 | D:10     | Entered Level 10 of the Dungeon
 12624 | D:10     | Noticed Nergalle
 12631 | D:10     | Killed Nergalle
 12659 | D:10     | Found a bloodstained altar of Trog.
 12794 | D:10     | Noticed a cyclops
 12797 | D:10     | Noticed a death knight
 12797 | D:10     | Noticed a red ugly thing
 12957 | Lair:1   | Entered Level 1 of the Lair of Beasts
 12965 | Lair:1   | Learned a level 6 spell: Death Channel
 12966 | Lair:1   | Noticed Maggie
 12975 | Lair:1   | Killed Maggie
 13126 | Lair:1   | Noticed a seven-headed hydra
 13137 | Lair:1   | Noticed Urug
 13426 | D:11     | Noticed a cyclops
 13434 | D:11     | Killed a cyclops
 13659 | D:11     | Noticed a sun demon
 13760 | D:11     | Found Vauth's Distillery.
 13766 | D:11     | Bought a potion of berserk rage for 55 gold pieces
 13840 | D:11     | Noticed a hell knight
 13840 | D:11     | Noticed a hell knight
 13843 | D:11     | Noticed a hell knight
 13847 | D:11     | Noticed a hell knight
 13847 | D:11     | Noticed a hell knight
 13849 | D:11     | Mangled by a hell knight

Illustrated notes

Levels and vault maps discovered:
D:1:      lightli_arrival_windingriver, layout_basic, serial_forest,
          infiniplex_forest_straight_2, infiniplex_forest_straight_1,
          infiniplex_forest_fountain, infiniplex_forest_end_2,
          infiniplex_forest_clump_diagonal, infiniplex_forest_clump_tiny,
          infiniplex_forest_clump_curved, infiniplex_forest_clump_medium,
          infiniplex_forest_end_1, infiniplex_forest_end_3,
          minmay_indecisive_spiral
D:2:      layout_basic, minmay_goblin_outpost
D:3:      layout_loops_ring, mainiacjoe_overflow_alcove_4,
          lightli_sewer_entry_pipes, uniq_robin
D:4:      layout_layer_cave, mainiacjoe_overflow_alcove_2,
          minmay_temple_entry_statues_pillars
D:5:      layout_basic, moated_statue
D:6:      layout_basic, mainiacjoe_overflow_alcove_1,
          nicolae_gozag_zags_fifth_avenue, serial_shops, nicolae_shop_trees,
          shop, nicolae_shop_bloodbath_and_beyond, nicolae_shop_stone,
          corexii_leaking_fountain, item_on_display_a, uniq_menkaure
D:7:      layout_basic, lemuel_crystal_altar
D:8:      layout_loops_ring, bloody_makhleb, hellmonk_lair_entry_icy,
          serial_shops, nicolae_shop_overgrown_old_shop
D:9:      layout_roguey, zin_statuary, mainiacjoe_overflow_divided_tiny,
          orc_0_dummy, serial_shops, shop, st_stairs_10
D:10:     layout_basic, trog_butcher_becter, serial_glass, glass_columns_b,
          glass_columns_a, due_unseen_surprise, minmay_pinched_square,
          uniq_nergalle
D:11:     layout_loops_ring, serial_shops, shop, kennysheep_nondescript,
          minmay_rotating_lava
Temple:   nicolae_temple_hex_pool
Lair:1:   layout_roguey, uniq_maggie, uniq_urug

Skill      XL: |  1  2  3  4  5  6  7  8  9 10 11 |
---------------+----------------------------------+-----
Summonings     | 2 3 4 6 7 8 |  8.3
Spellcasting   | 3 |  3.0
Dodging        | 1 2 4 |  4.9
Fighting       | 4 6 7 9 10 | 10.0
Short Blades   | 1 2 |  2.5
Necromancy     | 3 6 7 9 |  9.7
Polearms       | 4 |  4.6
Long Blades    | 4 7 9 |  9.1
Maces & Flails | |  0.8
Evocations     | |  1.0

Action                   |  1- 3 |  4- 6 |  7- 9 | 10-12 || total
-------------------------+-------+-------+-------+-------++-------
Melee: Spear             |    77 |   126 |    35 |       ||   238
       Kick              |    13 |    35 |    59 |    56 ||   163
       Peck              |     5 |    21 |    31 |    25 ||    82
       Short sword       |       |    83 |   136 |       ||   219
       Punch             |       |     1 |     3 |     1 ||     5
       Double sword      |       |       |    61 |   183 ||   244
 Cast: Summon Small Mamm |    38 |    37 |    16 |     5 ||    96
       Call Canine Famil |       |     9 |    15 |    13 ||    37
       Vampiric Draining |       |       |    16 |    48 ||    64
       Sublimation of Bl |       |       |     3 |       ||     3
Evoke: Wand              |       |       |       |     1 ||     1
  Use: Scroll            |     4 |     4 |     2 |    15 ||    25
       Potion            |       |     1 |       |     2 ||     3
 Stab: Sleeping          |     1 |       |       |       ||     1
       Distracted        |       |       |     2 |     1 ||     3
Armor: Leather armour    |    14 |    27 |     9 |       ||    50
       Scale mail        |       |       |    55 |       ||    55
       Ring mail         |       |       |    25 |    58 ||    83
       Acid dragon scale |       |       |       |    21 ||    21
Dodge: Dodged            |    25 |    91 |   149 |   142 ||   407

Table legend: (Time is in decaauts)
 A = Elapsed time spent in this place.
 B = Non-inter-level travel time spent in this place.
 C = Inter-level travel time spent in this place.
 D = Time resting spent in this place.
 E = Time spent auto-exploring this place.
 F = Levels seen in this place.
 G = Mean time per level.
                   A        B        C        D        E       F      G
               +--------+--------+--------+--------+--------+-----+--------+
         Total |  13000 |  12111 |    889 |    735 |   9192 |  14 |  928.6 |
       Dungeon |  12198 |  11370 |    828 |    735 |   8824 |  11 | 1108.9 |
        Temple |    173 |    114 |     59 |      0 |     54 |   1 |  173.0 |
          Lair |    118 |    118 |      0 |      0 |     29 |   1 |  118.0 |
         Sewer |    510 |    510 |      0 |      0 |    283 |   1 |  510.0 |
               +--------+--------+--------+--------+--------+-----+--------+

Top non-repeatable levels by time:
     D:8: 1679 daAuts
     D:9: 1666 daAuts
     D:4: 1529 daAuts
     D:7: 1366 daAuts
     D:6: 1170 daAuts
     D:2: 1162 daAuts
     D:5: 947 daAuts
     D:3: 939 daAuts
     D:1: 929 daAuts
   Sewer: 510 daAuts
    D:11: 423 daAuts
    D:10: 383 daAuts
  Temple: 173 daAuts
  Lair:1: 118 daAuts
